 Dungeon Crawl Stone Soup version 0.24.1 (webtiles) character file.

Game seed: 16391945387083109107, levelgen mode: deterministic

3061 Amplified the Fighter (level 9, -5/76 HPs)
             Began as a Barachi Monk on Apr 4, 2020.
             Slain by Gastronok (23 damage)
             ... on level 8 of the Dungeon.
             The game lasted 00:20:01 (7353 turns).

Amplified the Fighter (Barachi Monk)                Turns: 7353, Time: 00:20:02

Health: -5/76      AC: 10    Str: 15    XL:     9   Next: 88%
Magic:  9/9        EV: 18    Int: 13    God:
Gold:   162        SH:  0    Dex: 18    Spells: 4/8 levels left

rFire    . . .     SeeInvis .   p - +2 whip (venom)
rCold    + . .     Gourm    .   (no shield)
rNeg     + . .     Faith    .   w - +0 steam dragon scales
rPois    .         Spirit   .   y - +0 helmet of Unambiguity {Int+2}
rElec    .         Reflect  .   (no cloak)
rCorr    .         Harm     .   (no gloves)
MR       .....                  d - +1 pair of boots
Stlth    ++........             (no amulet)
HPRegen  0.22/turn              v - ring of positive energy
MPRegen  0.11/turn              q - +3 ring of dexterity

@: marked, very slightly contaminated, invisible, slow
A: +LOS, swims, cold resistance 1, mutation resistance 1, slowness 1, wild magic
1, strong legs 1
a: Hop


You were on level 8 of the Dungeon.
You were not hungry.

You visited 2 branches of the dungeon, and saw 9 of its levels.

You collected 366 gold pieces.
You spent 204 gold pieces at shops.

Inventory:

Hand Weapons
 p - a +2 whip of venom (weapon)
Missiles
 a - a throwing net (quivered)
Armour
 c - a +3 leather armour
 d - a +1 pair of boots (worn)
 w - +0 steam dragon scales (worn)
 y - the +0 helmet of Unambiguity (worn) {Int+2}
   (You found it on level 8 of the Dungeon)

   It affects your intelligence (+2).
Magical Staves
 m - an uncursed staff of poison
Jewellery
 q - a +3 ring of dexterity (right hand)
 v - a ring of positive energy (left hand)
Wands
 h - a wand of paralysis (7)
Scrolls
 e - 2 scrolls of fear
 n - 3 scrolls of remove curse
Potions
 f - a potion of brilliance
 g - a potion of mutation
 i - a potion of ambrosia
 j - a potion of cancellation
 l - 4 potions of flight
 o - 2 potions of resistance
 r - 2 potions of lignification
 t - 2 potions of heal wounds
Comestibles
 b - 9 rations


   Skills:
 + Level 9.2 Fighting
 * Level 7.7 Maces & Flails
 + Level 7.1 Armour
 + Level 7.4 Dodging
 - Level 2.2 Stealth
 - Level 3.9 Unarmed Combat


You had 4 spell levels left.
You knew the following spells:

 Your Spells              Type           Power        Failure   Level  Hunger
a - Animate Skeleton      Necr           N/A          38%         1    ##.....
b - Regeneration          Chrm/Necr      #.........   75%         3    ####...

Your spell library contained the following spells:

 Spells                   Type           Power        Failure   Level  Hunger
 Freeze                   Ice            #...         38%         1    ##.....
 Pain                     Necr           #...         38%         1    ##.....
 Shock                    Conj/Air       #...         38%         1    ##.....
 Swiftness                Chrm/Air       #.......     52%         2    ###....
 Throw Frost              Conj/Ice       #.....       52%         2    ###....
 Ozocubu's Armour         Chrm/Ice       #.......     75%         3    ####...
 Static Discharge         Conj/Air       #.......     75%         3    ####...
 Vampiric Draining        Necr           #.........   75%         3    ####...
 Airstrike                Air            #.........   98%         4    #####..
 Animate Dead             Necr           N/A          98%         4    #####..
 Summon Ice Beast         Ice/Summ       #.......     98%         4    #####..
 Throw Icicle             Conj/Ice       #.......     98%         4    #####..
 Lightning Bolt           Conj/Air       #.........   100%        5    ######.


Dungeon Overview and Level Annotations

Branches:
Dungeon (8/15)             Temple (1/1) D:7            Lair (0/6) D:8

Altars:
Ashenzari
Cheibriados
Dithmenos
Elyvilon
Fedhas
Gozag
Hepliaklqana
Kikubaaqudgha
Makhleb
Nemelex Xobeh
Okawaru
Qazlal
Ru
Sif Muna
Uskayaw
Vehumet
Wu Jian
Xom
Zin
Lugonu

Shops:
D:6 **}   D:8 =(

Annotations:
D:7 2 transporters, kalagan's ghost, novice GrEE
D:8 Gastronok


Innate Abilities, Weirdness & Mutations

Shadows flee at your approach. (+LOS)
You can swim through water.
You cover ground slowly.
You can hop short distances.
Your flesh is cold resistant. (rC+)
You are somewhat resistant to further mutation.
Your spells are a little harder to cast, but a little more powerful.


Message History

You hit the leopard gecko.
You kill the leopard gecko!
No target in view!
No target in view!
No target in view!
a - a throwing net Gastronok the Ponderous comes into view.
He is wearing the +3 hat of Pondering {ponderous, MR+ MP+10 Int+5}.
You see here a leopard gecko corpse.
Okay, then.
Okay, then.
Okay, then.
Gastronok bites you!!
* * * LOW HITPOINT WARNING * * *
You see here a throwing net.
Unknown command.
As you read the scroll of fear, it crumbles to dust.
You assume a fearsome visage.
Gastronok resists with almost no effort.
Gastronok bites you!!
You die...

.....####.# #...#.#......
$.......... +...#........
..........# #...#........
..........# #...#......).
..........#######........
...$.....................
...∩.....########........
......)w.# #........
.....#+#@########........
.. #†.).....'.(......
##########...#####
#.####### #...#####
#.......# #........
#######'####........
#.......)........
#.......[.##.....
#......†)†##.....


You could see Gastronok.

Vanquished Creatures
  Harold (D:8)
  2 steam dragons (D:5)
  An orc warrior (D:8)
  2 sky beasts
  An ice beast (D:5)
  A black bear (D:7)
  3 ogres
  4 centaurs
  3 bullfrogs
  A howler monkey (D:4)
  5 wights (D:7)
  A bullfrog zombie (D:7)
  A hound (D:6)
  2 jellies
  2 orc priests (D:3)
  An iguana (D:5)
  3 orc wizards
  7 worker ants
  A hound zombie (D:7)
  2 worker ant zombies (D:5)
  A gnoll (D:1)
  4 adders
  3 shadow imps
  An ooze (D:1)
  6 worms
  A dart slug (D:2)
  3 leopard geckos
  15 orcs
  6 giant cockroaches
  8 goblins
  10 hobgoblins
  3 kobolds
  3 quokkas
  A ball python (D:3)
  9 bats
  7 frilled lizards
  6 rats
131 creatures vanquished.

Notes
Turn   | Place    | Note
-------+----------+-------------------------------------------
     0 | D:1      | Amplified the Barachi Monk began the quest for the Orb.
     0 | D:1      | Reached XP level 1. HP: 18/18 MP: 1/1
   159 | D:1      | Reached XP level 2. HP: 24/25 MP: 2/2
   318 | D:1      | Reached skill level 4 in Fighting
   486 | D:1      | Reached XP level 3. HP: 29/30 MP: 3/3
   561 | D:2      | Found a shattered altar of Ashenzari.
   618 | D:2      | Reached skill level 1 in Armour
  1296 | D:1      | Reached XP level 4. HP: 33/38 MP: 4/4
  1549 | D:3      | Gained mutation: You are frail. (-10% HP) [potion of
                  | mutation]
  1549 | D:3      | Gained mutation: You have very sharp teeth. [potion of
                  | mutation]
  1549 | D:3      | Gained mutation: Your flesh is cold resistant. (rC+)
                  | [potion of mutation]
  1549 | D:3      | Gained mutation: Your spells are a little harder to cast,
                  | but a little more powerful. [potion of mutation]
  1550 | D:3      | Lost mutation: You are frail. (-10% HP) [potion of
                  | mutation]
  1550 | D:3      | Lost mutation: You have very sharp teeth. [potion of
                  | mutation]
  1550 | D:3      | Gained mutation: You are somewhat resistant to further
                  | mutation. [potion of mutation]
  1738 | D:3      | Found a stormy altar of Qazlal.
  2076 | D:3      | Reached skill level 5 in Fighting
  2076 | D:3      | Reached XP level 5. HP: 31/44 MP: 5/5
  2532 | D:4      | Noticed a sky beast
  2627 | D:4      | Reached XP level 6. HP: 46/52 MP: 6/6
  2747 | D:4      | Reached skill level 6 in Fighting
  2774 | D:4      | Killed a sky beast
  2933 | D:4      | Found a sacrificial altar of Ru.
  3075 | D:5      | Entered Level 5 of the Dungeon
  3089 | D:5      | Reached XP level 7. HP: 59/59 MP: 7/7
  3114 | D:5      | Found a shimmering altar of Xom.
  3114 | D:5      | Found a shimmering altar of Xom.
  3115 | D:5      | Found a shimmering altar of Xom.
  3115 | D:5      | Found a shimmering altar of Xom.
  3116 | D:5      | Found a shimmering altar of Xom.
  3340 | D:5      | Found a blossoming altar of Fedhas.
  3360 | D:5      | Reached skill level 1 in Maces & Flails
  3360 | D:5      | Reached skill level 5 in Dodging
  3585 | D:5      | Found a shadowy altar of Dithmenos.
  3845 | D:5      | Reached skill level 7 in Fighting
  4036 | D:6      | Found Boppikust's Gadget Emporium.
  4045 | D:6      | Bought a wand of iceblast (10) for 154 gold pieces
  4232 | D:6      | Found Tairiroa's General Store.
  4235 | D:6      | Found Symecw's Assorted Antiques.
  4243 | D:6      | Bought 2 sapphire potions for 50 gold pieces
  4423 | D:6      | Learned a level 1 spell: Animate Skeleton
  4427 | D:6      | Learned a level 3 spell: Regeneration
  4527 | D:6      | Found a glowing silver altar of Zin.
  4527 | D:6      | Found a sparkling altar of Nemelex Xobeh.
  4894 | D:7      | Found a staircase to the Ecumenical Temple.
  4933 | Temple   | Entered the Ecumenical Temple
  5044 | D:7      | Found a hide-covered altar of Uskayaw.
  5087 | D:7      | Reached XP level 8. HP: 59/67 MP: 8/8
  5459 | D:7      | Reached skill level 5 in Armour
  5710 | D:7      | Found a transporter.
  5710 | D:7      | Noticed kalagan's ghost (novice GrEE)
  5873 | D:7      | Found a transporter.
  6067 | D:7      | Reached skill level 8 in Fighting
  6067 | D:7      | Reached skill level 5 in Maces & Flails
  6580 | D:5      | Reached XP level 9. HP: 61/74 MP: 9/9
  6984 | D:8      | Found a staircase to the Lair.
  7030 | D:8      | Found Ekhoav's Antique Weapon Shoppe.
  7072 | D:8      | Found a radiant altar of Vehumet.
  7203 | D:8      | Got an encrusted helmet
  7209 | D:8      | Identified the +0 helmet of Unambiguity {Int+2} (You found
                  | it on level 8 of the Dungeon)
  7290 | D:8      | Noticed Harold
  7293 | D:8      | Found Axtee's Jewellery Shoppe.
  7330 | D:8      | Killed Harold
  7330 | D:8      | Reached skill level 9 in Fighting
  7350 | D:8      | Noticed Gastronok
  7353 | D:8      | Slain by Gastronok

Levels and vault maps discovered:
D:1:      dpeg_arrival_windows_large_door, layout_basic, minmay_tetromino_o4
D:2:      layout_basic, ashenzari_altar_1
D:3:      layout_basic, lemuel_round_altar
D:4:      layout_basic, first_ration, nicolae_ru_sacrificial_ziggurat
D:5:      kennysheep_steamy, layout_basic, grunt_dithmenos_shadows,
          xom_redecorated, fedhas_bush_and_centaur_altar
D:6:      layout_cave_pods, amethyst_overflow_temple_binary, serial_shops, shop,
          shop, nicolae_shop_trees
D:7:      layout_basic, eat_drink_and_be_merry_uskayaw,
          minmay_temple_entry_water_ring, gammafunk_ghost_arena,
          chequers_serial_rivers_micro_a
D:8:      layout_basic, lemuel_crystal_altar, kennysheep_little_box,
          lair_entry_dummy, serial_shops, nicolae_shop_behind_doors, shop,
          uniq_harold, uniq_gastronok
Temple:   kb_corrupted_temple

Skill      XL: |  1  2  3  4  5  6  7  8  9 |
---------------+----------------------------+-----
Stealth        | 2 |  2.2
Fighting       | 4 5 6 7 8 9 |  9.2
Armour         | 1 2 3 4 5 7 |  7.1
Dodging        | 4 5 6 7 |  7.4
Maces & Flails | 3 5 7 |  7.7
Unarmed Combat | |  3.9

Action                   |  1- 3 |  4- 6 |  7- 9 || total
-------------------------+-------+-------+-------++-------
Melee: Unarmed           |   174 |   218 |       ||   392
       Punch             |     2 |     3 |     8 ||    13
       Whip              |       |     4 |   344 ||   348
 Abil: Hop               |     3 |     2 |     4 ||     9
Evoke: Wand              |       |     3 |    20 ||    23
  Use: Scroll            |     9 |     6 |    12 ||    27
       Potion            |     4 |     4 |     4 ||    12
 Stab: Sleeping          |     1 |     1 |     2 ||     4
       Distracted        |       |     1 |       ||     1
       Paralysed         |       |       |     9 ||     9
       Invisible         |       |       |     6 ||     6
  Eat: Chunk             |     2 |     7 |     8 ||    17
       Ration            |       |       |     2 ||     2
Armor: Leather armour    |    53 |    59 |    47 ||   159
       Steam dragon scal |       |       |     8 ||     8
Dodge: Dodged            |   131 |   150 |   215 ||   496
